 Dungeon Crawl Stone Soup version 0.24-a0-429-g4608c8fa30 (webtiles) character file.

Game seed: 6407429953598853411

99 Amnesiac the Charmwright (level 4, -5/33 HPs)
             Began as a Merfolk Skald on June 13, 2019.
             Slain by an iguana (10 damage)
             ... on level 4 of the Dungeon.
             The game lasted 00:03:02 (1076 turns).

Amnesiac the Charmwright (Merfolk Skald)            Turns: 1076, Time: 00:03:03

Health: -5/33      AC:  4    Str: 11    XL:     4   Next: 72%
Magic:  1/7        EV: 18    Int: 12    God:
Gold:   130        SH:  0    Dex: 19    Spells: 3/7 levels left

rFire    + . .     SeeInvis .   a - +1 spear
rCold    + . .     Gourm    .   (no shield)
rNeg     . . .     Faith    .   b - +0 leather armour
rPois    +         Spirit   .   (no helmet)
rElec    +         Reflect  .   (no cloak)
rCorr    +         Harm     .   (no gloves)
MR       .....                  i - +0 pair of boots
Stlth    ++........             (no amulet)
HPRegen  0.11/turn              (no ring)
MPRegen  0.10/turn              (no ring)

@: agile, resistant, slowed, very slow
A: change form in water, swift swim, stealthy swim
a: no special abilities


You were on level 4 of the Dungeon.
You were not hungry.

You visited 1 branch of the dungeon, and saw 4 of its levels.

You collected 130 gold pieces.

Inventory:

Hand Weapons
 a - a +1 spear (weapon)
Armour
 b - a +0 leather armour (worn)
 i - a +0 pair of boots (worn)
Scrolls
 e - 2 scrolls of remove curse {!r}
 k - 2 scrolls of enchant weapon {!r}
 l - a scroll of teleportation {!r, unknown}
 m - 2 scrolls of identify {!r, unknown}
Potions
 c - a potion of flight {!q}
 g - a potion of might {!q, unknown}
 j - a potion of curing {!q}
Comestibles
 d - 5 rations
 h - 5 chunks of flesh


   Skills:
 - Level 2.1 Fighting
 + Level 4.5 Polearms
 - Level 0.6 Armour
 - Level 2.6 Dodging
 - Level 2.0 Spellcasting
 + Level 2.0 Hexes
 - Level 4.5 Charms


You had 3 spell levels left.
You knew the following spells:

 Your Spells              Type           Power        Failure   Level  Hunger
a - Infusion              Chrm           ##..         5%          1    ##.....
e - Spectral Weapon       Hex/Chrm       #.......     28%         3    ####...

Your spell library contained the following spells:

 Spells                   Type           Power        Failure   Level  Hunger
 Song of Slaying          Chrm           ##......     9%          2    ###....
 Shroud of Golubria       Chrm/Tloc      #.....       22%         2    ###....
 Regeneration             Chrm/Necr      #.........   38%         3    ####...


Dungeon Overview and Level Annotations

Branches:
Dungeon (4/15)
 Temple: D:4-7

Altars:
Dithmenos


Message History

It was a potion of resistance {!q}.
You feel protected.
The orc wizard gestures wildly while chanting.
The orc wizard seems to speed up.
The orc completely misses you. The iguana barely misses you.
The orc closely misses you.
An orc comes into view.
It is wielding a +1 dagger of electrocution.
The orc misses you. The iguana closely misses you.
Casting: Spectral Weapon (safe; 28% risk of failure)
Confirm with . or Enter, or press ? or * to list all spells.
You draw out your weapon's spirit!
The orc shouts!
The orc closely misses you. The orc misses you. The iguana barely misses you.
The orc wizard mumbles some strange words.
The orc wizard blinks!
You hit the iguana.
The iguana is lightly wounded.
The orc wizard gestures wildly while chanting.
The orc wizard blinks!
The iguana completely misses you. The orc misses you.
The orc closely misses your spectral weapon.
You hit the iguana.
The iguana is heavily wounded.
The orc wizard hits your spectral weapon but does no damage.
The orc wizard mumbles some strange words.
The orc wizard seems to speed up.
The iguana bites your spectral weapon.
Your spectral weapon shares its damage with you!
The orc barely misses you. x2
The orc wizard gestures at you while chanting.
You feel as though you will be slow longer.
The orc barely misses your spectral weapon.
The orc wizard misses your spectral weapon.
The iguana bites your spectral weapon.
Your spectral weapon shares its damage with you!
The orc hits you but does no damage.
You strike the helpless iguana from behind!
You hit the iguana but do no damage.
The iguana is heavily wounded.
The orc wizard completely misses you.
The orc wizard hits your spectral weapon but does no damage.
The orc closely misses you. The iguana misses you.
The orc wizard hits you with a cursed +0 dagger.
The orc hits your spectral weapon with a +0 war axe.
The orc wizard hits your spectral weapon but does no damage.
The orc misses you. The orc closely misses you.
Your leather armour prevents you from hitting the iguana.
The iguana is heavily wounded.
The orc wizard hits you but does no damage.
The orc wizard casts a spell.
The orc wizard blinks!
The iguana barely misses you.
The orc hits your spectral weapon with a +0 war axe!
Your spectral weapon shares its damage with you!
Your spectral weapon fades away.
* * * LOW HITPOINT WARNING * * *
The orc hits you with a +0 club.
* * * LOW HITPOINT WARNING * * *
The orc wizard closely misses you. The orc barely misses you.
Casting: Spectral Weapon (safe; 28% risk of failure)
Confirm with . or Enter, or press ? or * to list all spells.
You draw out your weapon's spirit!
The orc wizard hits you with a cursed +0 dagger.
* * * LOW HITPOINT WARNING * * *
The iguana barely misses you. The orc barely misses you.
The orc completely misses you. The orc hits you but does no damage.
The iguana bites you!
You die...

..........§...........#
.....................##
.%...................#
#.##..##^o..........o'
#. #...##...###..#
....##...##...###..#
..............(o.o..#
.. ..........oloo>...'
# #..###..###@o§####
### #..# ##### .....
...... ########


You could see an iguana, 2 orc wizards, 4 orcs and a friendly spectral +1 spear.

Vanquished Creatures
  An orc priest (D:3)
  A centaur skeleton (D:4)
  2 worms (D:2)
  2 dart slugs (D:1)
  2 orcs (D:3)
  2 giant cockroaches
  A goblin (D:2)
  4 hobgoblins
  6 jackals
  2 kobolds
  2 bats
  3 rats
28 creatures vanquished.

Vanquished Creatures (others)
  A spectral weapon (D:4)
1 creature vanquished.

Grand Total: 29 creatures vanquished

Notes
Turn   | Place    | Note
-------+----------+-------------------------------------------
     0 | D:1      | Amnesiac the Merfolk Skald began the quest for the Orb.
     0 | D:1      | Reached XP level 1. HP: 16/16 MP: 3/3
   452 | D:1      | Reached XP level 2. HP: 21/22 MP: 5/5
   735 | D:2      | Found a shadowy altar of Dithmenos.
   741 | D:2      | Reached XP level 3. HP: 27/27 MP: 2/6
   746 | D:2      | Learned a level 3 spell: Spectral Weapon
   791 | D:3      | Reached skill level 1 in Hexes
   791 | D:3      | Reached XP level 4. HP: 24/33 MP: 0/7
  1076 | D:4      | Slain by an iguana

Levels and vault maps discovered:
D:1:      dpeg_arrival_water_temple_mockup, layout_basic, serial_curves,
          eino_curves_01, eino_curves_03, serial_bayou_pond_e
D:2:      layout_loops_ring, grunt_temple_overflow_open,
          chequers_ecumenical_altar_grove, first_ration,
          nicolae_dithmenos_shadow_blocks
D:3:      layout_loops_ring, vehumet_crystals, minmay_strange_pillars
D:4:      layout_gridville, minmay_temple_entry_trees

Skill      XL: |  1  2  3  4 |
---------------+-------------+-----
Charms         | 4 |  4.5
Hexes          | 1 2 |  2.0
Polearms       | 4 |  4.5
Fighting       | |  2.1
Armour         | |  0.6
Dodging        | |  2.6
Spellcasting   | |  2.0

Action                   |  1- 3 |  4- 6 || total
-------------------------+-------+-------++-------
Melee: Spear             |    73 |    26 ||    99
 Cast: Infusion          |     3 |     2 ||     5
       Spectral Weapon   |       |     3 ||     3
  Use: Scroll            |     2 |       ||     2
       Potion            |     2 |     3 ||     5
 Stab: Distracted        |       |     1 ||     1
       Sleeping          |       |     1 ||     1
  Eat: Chunk             |       |     1 ||     1
Armor: Leather armour    |     7 |     5 ||    12
Dodge: Dodged            |    34 |    40 ||    74

Table legend:
 A = Non-vault XP
 B = Vault XP
 C = Vault XP percentage of total XP
 D = Non-vault monster count
 E = Vault monster count
 F = Vault count percentage of total count
                 A         B        C        D         E       F
            +---------+---------+-------+---------+---------+-------
      Total |     142 |       0 |   0.0 |      28 |       0 |   0.0
            +---------+---------+-------+---------+---------+-------
        D:1 |      15 |       0 |   0.0 |       6 |       0 |   0.0
        D:2 |      22 |       0 |   0.0 |       9 |       0 |   0.0
        D:3 |      64 |       0 |   0.0 |      12 |       0 |   0.0
        D:4 |      41 |       0 |   0.0 |       1 |       0 |   0.0
            +---------+---------+-------+---------+---------+-------
